 Dungeon Crawl Stone Soup version 0.30-a0-1043-g60ff8d5f49 (webtiles) character file.

Game seed: 7780546501643522974

4832 OrthodoxDeviant the Fighter (level 10, -15/97 HPs)
             Began as a Ghoul Gladiator on Apr 10, 2023.
             Was a Follower of Okawaru.
             Killed from afar by an acid dragon (27 damage)
             ... with a splash of acid
             ... on level 8 of the Dungeon.
             The game lasted 00:20:06 (7836 turns).

OrthodoxDeviant the Fighter (Ghoul Gladiator)       Turns: 7836, Time: 00:20:07

Health: -15/97     AC: 18    Str: 23    XL:     10   Next: 49%
Magic:  10/11      EV: 11    Int:  3    God:    Okawaru [*.....]
Gold:   500        SH:  0    Dex: 10    Spells: 9/9 levels left

rFire   . . .      SeeInvis .    a - +0 war axe
rCold   + . .      Faith    .    (no shield)
rNeg    + + +      Spirit   .    M - +1 plate armour {rPois}
rPois   ∞          Reflect  .    c - +0 helmet
rElec   .          Rampage  .    G - +1 cloak
rCorr   .                        I - +2 pair of gloves
Will    +....                    m - +0 pair of boots Stlth
                                 j - amulet of regeneration
HPRegen 0.00/turn                x - +5 ring of evasion
MPRegen 0.12/turn                H - ring of willpower

@: inhibited regen, slowed, very slow
A: claws 1, cold resistance 1, negative energy resistance 3, inhibited
regeneration, torment resistance 2, devour on kill
a: Renounce Religion, Heroism


You were on level 8 of the Dungeon.
You worshipped Okawaru.
Okawaru was aware of your devotion.
You visited 2 branches of the dungeon, and saw 10 of its levels.
You also visited: Ossuary.

You collected 500 gold pieces.

Inventory:

Hand Weapons
 a - a +0 war axe (weapon)
Missiles
 e - a javelin (quivered)
Armour
 c - a +0 helmet (worn)
 m - a +0 pair of boots (worn)
 G - a +1 cloak (worn)
 I - a +2 pair of gloves (worn)
 M - a +1 plate armour of poison resistance (worn)
 N - the +0 ring mail of Leaves {Str+5 Dex+4}
   (You found it on level 6 of the Dungeon)

   Str:       It affects your strength (+5).
   Dex:       It affects your dexterity (+4).
Jewellery
 j - an amulet of regeneration (around neck)
 l - a ring of ice
 x - a +5 ring of evasion (left hand)
 H - a ring of willpower (right hand)
 L - a ring of wizardry
Wands
 d - a wand of mindburst (9)
 w - a wand of flame (17)
 E - a wand of paralysis (6)
 O - a wand of polymorph (9)
 Q - a wand of quicksilver (7)
Scrolls
 b - a scroll of torment {unknown}
 i - 3 scrolls of fear
 n - 6 scrolls of amnesia
 o - a scroll of fog {unknown}
 p - a scroll of poison
 r - 2 scrolls of magic mapping
 s - 3 scrolls of blinking
 t - 2 scrolls of noise
 y - 5 scrolls of teleportation
 z - 2 scrolls of summoning {unknown}
 C - a scroll of enchant weapon {unknown}
 F - 2 scrolls of vulnerability {unknown}
 J - 2 scrolls of silence
 K - 2 scrolls of enchant armour
 P - a scroll of acquirement {unknown}
Potions
 f - 5 potions of lignification
 g - 2 potions of attraction {unknown}
 h - 2 potions of might {unknown}
 k - 2 potions of brilliance
 q - 2 potions of berserk rage {unknown}
 u - 6 potions of curing {unknown}
 v - 2 potions of flight {unknown}
 A - a potion of heal wounds
 B - 3 potions of mutation
 D - a potion of cancellation {unknown}


   Skills:
 + Level 11.7 Fighting
 + Level 10.1 Axes
 - Level 1.7 Throwing
 - Level 2.6 Dodging
 + Level 2.6 Invocations


You had 9 spell levels left.
You didn't know any spells.
Your spell library contained the following spells:

 Spells                   Type           Power      Damage    Failure   Level
 Kiss of Death            Conj/Necr      0%         2d5       100%        1
 Poisonous Vapours        Pois/Air       0%         N/A       100%        2
 Confusing Touch          Hex            0%         N/A       100%        3
 Mephitic Cloud           Conj/Pois/Air  0%         N/A       100%        3
 Dispel Undead            Necr           0%         3d6       100%        4
 Freezing Cloud           Conj/Ice/Air   0%         6-21      100%        5


Dungeon Overview and Level Annotations

Branches:
Dungeon (9/15)             Temple (1/1) D:6             Orc (0/2) D:9
Ossuary (visited)
   Lair: D:8-11

Altars:
Ashenzari
Cheibriados
Dithmenos
Fedhas
Gozag
Hepliaklqana
Kikubaaqudgha
Makhleb
Nemelex Xobeh
Okawaru
Qazlal
Ru
Sif Muna
Trog
Uskayaw
Vehumet
Wu Jian
Xom
Yredelemnul


Innate Abilities, Weirdness & Mutations

You are immune to poison.
You have sharp fingernails.
Your flesh is cold resistant. (rC+)
You are immune to negative energy. (rN+++)
You do not regenerate when monsters are visible.
You are immune to unholy pain and torment.
You thrive by killing the living.


Message History

The wraith barely misses you.
You hit the wraith but do no damage.
The wraith is severely damaged.
You hit the acid dragon. The acid dragon bites you.
The acid dragon claws you but does no damage.
The wraith hits you but does no damage.
You are too injured to fight recklessly!
Unknown command.
Unknown command.
Unknown command.
The yak is no longer moving slowly.
The acid dragon bites you but does no damage.
The acid dragon claws you but does no damage.
The wraith hits you but does no damage. The acid dragon spits acid at you.
The splash of acid hits you!!
* * * LOW HITPOINT WARNING * * *
The wraith hits you but does no damage.
You climb upwards.
There is a stone staircase leading down here.
Unknown command.
Unknown command.
You slash the wraith!
You destroy the wraith!
Okawaru accepts your kill.
You can now gain great but temporary skills.
You slash the acid dragon! The acid dragon barely misses you. x2
Unknown command.
You hit the acid dragon.
The acid dragon is severely wounded.
The acid dragon bites you.
* * * LOW HITPOINT WARNING * * *
The acid dragon barely misses you. The acid dragon bites you.
* * * LOW HITPOINT WARNING * * *
The acid dragon claws you but does no damage.
You slash the acid dragon!
The acid dragon is almost dead.
The acid dragon spits acid at you. The splash of acid hits you!!
You die...

###..# #.).#.##.##.# #<#
###..# #.#)#.......# #.#
.....####.........####
#.###
.##.........<........#
#...#
.##########..#.##.##.#
###.# .# #.#.###.##.# #.#
.## #.### #.##.# #.#
..####### #.# ##.##.# #.#
#.......# #.####@.##.# #.#
..#####.# #...)D.....# #.#
....# #.#
######.##..#######.# ..#.#
#.# #.##..........####
..#.#
#.########.##...######.....
###.# #.............#.#
#.#### # #.#
##########.##...# #.#
#.###### #.###.## #.#
###......#######.# #.# #.#


You could see an acid dragon (catching breath).

Vanquished Creatures
  A troll (D:8)
  A hornet (D:7)
  2 wraiths
  A wyvern (D:8)
  A yak (D:9)
  2 steam dragons
  Menkaure (D:5)
  A water moccasin (D:5)
  Duvessa (D:4)
  3 ice beasts
  2 black bears
  5 orc warriors
  An ogre (D:5)
  2 centaurs (D:8)
  4 kobold brigands
  A gnoll sergeant (D:7)
  3 bullfrogs
  2 scorpions
  Dowan (D:4)
  A vampire bat (D:5)
  5 howler monkeys
  2 electric eels (D:6)
  4 orc priests (D:8)
  4 hounds
  Crazy Yiuf (D:3)
  A jelly (D:6)
  A gnoll bouda (D:9)
  4 iguanas
  A sleepcap (D:8)
  7 orc wizards
  A mummy (Ossuary)
  10 adders
  11 gnolls
  3 white imps
  A dart slug (D:2)
  3 fire bats (D:5)
  31 orcs
  2 spectral bats (D:5)
  8 ball pythons
  13 bats
  3 bat skeletons (D:5)
  A bat zombie (D:5)
  5 endoplasms
  A giant cockroach (D:4)
  12 goblins
  12 hobgoblins
  4 jackals (D:2)
  29 kobolds
  A bat simulacrum (D:5)
  3 frilled lizards
  4 gnoll skeletons (Ossuary)
  7 kobold skeletons (Ossuary)
  14 orc skeletons (Ossuary)
  4 rats
249 creatures vanquished.

Vanquished Creatures (others)
  13 plants
13 creatures vanquished.

Grand Total: 262 creatures vanquished

Notes
Turn   | Place    | Note
-------+----------+-------------------------------------------
     0 | D:1      | OrthodoxDeviant the Ghoul Gladiator began the quest for the
                  | Orb.
     0 | D:1      | Reached XP level 1. HP: 17/17 MP: 0/0
   271 | D:1      | Reached XP level 2. HP: 23/25 MP: 1/1
   582 | D:1      | Reached skill level 3 in Fighting
   898 | D:2      | Reached XP level 3. HP: 31/31 MP: 2/2
  1705 | D:3      | Reached XP level 4. HP: 26/40 MP: 3/3
  1761 | D:3      | Found a shadowy altar of Dithmenos.
  1767 | D:3      | Found an opulent altar of Gozag.
  1768 | D:3      | Found a hazy altar of Hepliaklqana.
  1783 | D:3      | Found a runed translucent door.
  1784 | D:3      | Noticed Crazy Yiuf
  2247 | D:3      | Killed Crazy Yiuf
  2248 | D:3      | Reached skill level 4 in Fighting
  2248 | D:3      | Reached XP level 5. HP: 46/46 MP: 4/4
  2469 | D:4      | Noticed Duvessa
  2469 | D:4      | Noticed Dowan
  2860 | D:4      | Reached XP level 6. HP: 55/55 MP: 5/5
  2978 | D:4      | Reached skill level 5 in Fighting
  3148 | D:4      | Noticed a black bear
  3166 | D:4      | Killed a black bear
  3167 | D:4      | Reached skill level 5 in Axes
  3286 | D:5      | Entered Level 5 of the Dungeon
  3385 | D:5      | Found a sand-covered staircase.
  3392 | Ossuary  | Entered an ossuary
  3392 | Ossuary  | Noticed a wraith
  3392 | Ossuary  | Noticed a wraith
  3392 | Ossuary  | Noticed a wraith
  3448 | Ossuary  | Noticed a wraith
  3491 | Ossuary  | Killed a wraith
  3492 | Ossuary  | Reached skill level 6 in Fighting
  3492 | Ossuary  | Reached XP level 7. HP: 21/63 MP: 6/6
  3762 | D:5      | Noticed Menkaure
  3775 | D:5      | Killed Menkaure
  3776 | D:5      | Reached skill level 7 in Fighting
  3776 | D:5      | Reached XP level 8. HP: 41/73 MP: 7/7
  3975 | D:5      | Reached skill level 8 in Fighting
  4155 | D:5      | Found a sparkling altar of Nemelex Xobeh.
  4160 | D:5      | Found a stormy altar of Qazlal.
  4178 | D:6      | Found a staircase to the Ecumenical Temple.
  4187 | Temple   | Entered the Ecumenical Temple
  4719 | D:6      | Identified the +0 ring mail of Leaves {Str+5 Dex+4}
  5010 | D:6      | You fall into a shaft and drop 3 floors!
  5011 | D:9      | Noticed a wyvern
  5025 | D:8      | Killed a wyvern
  5026 | D:8      | Reached skill level 9 in Fighting
  5026 | D:8      | Reached XP level 9. HP: 59/83 MP: 8/8
  5245 | D:8      | Noticed a troll
  5279 | D:8      | HP: 2/83 [troll (7)]
  5281 | D:8      | Killed a troll
  5489 | D:7      | Reached skill level 10 in Fighting
  6151 | D:4      | Killed Dowan
  6513 | D:4      | Killed Duvessa
  6637 | D:7      | Noticed a hornet
  6649 | D:7      | Killed a hornet
  6650 | D:7      | Reached skill level 11 in Fighting
  6650 | D:7      | Reached XP level 10. HP: 68/95 MP: 9/9
  7036 | D:8      | Found an iron altar of Okawaru.
  7078 | D:8      | Became a worshipper of Warmaster Okawaru
  7520 | D:8      | Reached skill level 1 in Invocations
  7813 | D:9      | Reached skill level 10 in Axes
  7834 | D:8      | Reached * piety under Okawaru
  7836 | D:8      | Killed from afar by an acid dragon

Illustrated notes

Levels and vault maps discovered:
D:1:      lemuel_arrival_rhombus, layout_basic, serial_bayou_lagoon_a,
          minmay_misc_feat_square, feat_on_display
D:2:      layout_loops_ring, basic_altar
D:3:      layout_basic, chequers_temple_overflow_statue_of_worship,
          uniq_crazy_yiuf_cottage
D:4:      corexii_shantytown, layout_basic, uniq_duvessa
D:5:      layout_basic, mainiacjoe_overflow_big_doors,
          chequers_ossuary_entry_cave, goddamned_bats, uniq_menkaure
D:6:      layout_rooms, minmay_temple_entry_statues_fountains,
          nrook_pool_corridor, serial_bayou_pond_b
D:7:      layout_cave_pools
D:8:      layout_loops_ring, amcnicky_altar_gilded, nicolae_nh_ransacked_shop
D:9:      hangedman_cross_stitches, layout_rooms, erik_orc_1, enter_bailey_5
Temple:   minmay_temple_bridge_d

Skill      XL: |  1  2  3  4  5  6  7  8  9 10 |
---------------+-------------------------------+-----
Axes           | 3 4 5 6 7 9 10 | 10.1
Fighting       | 3 4 6 7 9 11 | 11.7
Invocations    | 2 |  2.6
Throwing       | |  1.7
Dodging        | |  2.6

Action                     |  1- 3 |  4- 6 |  7- 9 | 10-12 || total
---------------------------+-------+-------+-------+-------++-------
  Melee: War axe           |   103 |   232 |   418 |   146 ||   899
         Punch             |       |     4 |     4 |     3 ||    11
  Throw: Throwing net      |       |     3 |     1 |       ||     4
  Evoke: Wand              |       |       |     1 |       ||     1
    Use: Potion            |       |     5 |     3 |       ||     8
         Scroll            |       |     4 |     5 |     1 ||    10
   Stab: Held in net/web   |       |       |     1 |       ||     1
 Armour: Leather armour    |    27 |       |       |       ||    27
         Chain mail        |    20 |   160 |    78 |       ||   258
         Plate armour      |       |       |   179 |    90 ||   269
  Dodge: Dodged            |    51 |   181 |   293 |    91 ||   616

Table legend: (Time is in decaauts)
 A = Elapsed time spent in this place.
 B = Non-inter-level travel time spent in this place.
 C = Inter-level travel time spent in this place.
 D = Time resting spent in this place.
 E = Time spent auto-exploring this place.
 F = Levels seen in this place.
 G = Mean time per level.
                   A        B        C        D        E       F      G
               +--------+--------+--------+--------+--------+-----+--------+
         Total |   7966 |   6835 |   1131 |    453 |   4273 |  11 |  724.2 |
       Dungeon |   7328 |   6345 |    983 |    427 |   3971 |   9 |  814.2 |
        Temple |    398 |    250 |    148 |      0 |    214 |   1 |  398.0 |
       Ossuary |    239 |    239 |      0 |     25 |     88 |   1 |  239.0 |
               +--------+--------+--------+--------+--------+-----+--------+

Top non-repeatable levels by time:
     D:4: 1324 daAuts
     D:8: 1082 daAuts
     D:1: 904 daAuts
     D:6: 893 daAuts
     D:5: 817 daAuts
     D:2: 807 daAuts
     D:3: 802 daAuts
     D:7: 618 daAuts
  Temple: 398 daAuts
 Ossuary: 239 daAuts
     D:9: 77 daAuts
